 Dungeon Crawl Stone Soup version 0.31-a0-271-gb88eb75e06 (webtiles) character file.

Game seed: 17847991991640645852

30035 holysushi the Nimble (level 13, -3/85 HPs)
             Began as a Djinni Ice Elementalist on July 14, 2023.
             Was the Champion of Okawaru.
             Slain by a cane toad (21 damage)
             ... on level 3 of the Lair of Beasts.
             The game lasted 00:32:55 (17279 turns).

holysushi the Nimble (Djinni Ice Elementalist)     Turns: 17279, Time: 00:32:56

Health: -3/85      AC: 10    Str:  7    XL:     13   Next: 85%
Gold:   1962       EV: 22    Int: 18    God:    Okawaru [******] SH:  0 Dex: 18

rFire   + + .        b - +2 orcbow (freeze)
rCold   x . .        (shield currently unavailable)
rNeg    . . .        d - +0 steam dragon scales
rPois   ∞            B - +0 helmet
rElec   .            E - scarf {repulsion}
rCorr   +            g - +3 pair of gauntlets of War {Slay+5}
SInv    .            (boots unavailable)
Will    +....        (no amulet)
Stlth   ++++         x - ring of resist corrosion
HPRegen 0.34/turn    (no ring)
MPRegen 0.00/turn

%: repel missiles, infuse magic (-4 HP)
@: freezing walls, flying, studying Stealth
A: sickness immunity, fire resistance 2, cold vulnerability 1, float, innate
caster, HP casting, extra vitality 1
a: Renounce Religion, Heroism, Finesse, Duel


You were on level 3 of the Lair of Beasts.
You worshipped Okawaru.
Okawaru was exalted by your worship.
You visited 3 branches of the dungeon, and saw 14 of its levels.
You also visited: Bailey.

You collected 2148 gold pieces.
You spent 186 gold pieces at shops.

Inventory:

Hand Weapons
 a - a +0 dagger of electrocution
 b - a +2 orcbow of freezing (weapon)
 q - a +0 rapier of venom
 z - a +1 dagger of draining
Missiles
 u - 6 throwing nets
Armour
 d - +0 steam dragon scales (worn)
 g - the +3 pair of gauntlets of War (worn) {Slay+5}
   (You acquired it on level 9 of the Dungeon)

   Slay:      It affects your accuracy & damage with ranged weapons and melee
   (+5).
 i - the scarf of the Four Friends {repulsion, Rampage rC+ rN+++ Slay-4}
   (Okawaru gifted it to you on level 2 of the Lair of Beasts)

   Slay:      It affects your accuracy & damage with ranged weapons and melee
   (-4).
   rC:        It protects you from cold.
   rN:        It renders you almost immune to negative energy.
   Rampage:   It bestows one free step when moving towards enemies.
 A - a +2 buckler
 B - a +0 helmet (worn)
 E - a scarf of repulsion (worn)
 N - the +3 ring mail of Ziroewn {Str+5 Int+3}
   (Okawaru gifted it to you on level 1 of the Lair of Beasts)

   Str:       It affects your strength (+5).
   Int:       It affects your intelligence (+3).
Jewellery
 x - a ring of resist corrosion (left hand)
 J - an amulet of the acrobat
Talismans
 l - a dragon-blood talisman
 n - a granite talisman
Wands
 r - a wand of mindburst (18)
 v - a wand of acid (10)
 I - a wand of flame (7)
 O - a wand of paralysis (7)
 P - a wand of digging (5)
Scrolls
 c - 2 scrolls of blinking
 e - a scroll of amnesia
 j - 2 scrolls of poison
 F - 3 scrolls of immolation
 M - a scroll of fog
 Q - a scroll of teleportation
Potions
 f - 4 potions of lignification
 h - a potion of curing
 k - 2 potions of attraction
 m - 3 potions of ambrosia
 o - 3 potions of magic
 p - 5 potions of heal wounds {unknown}
 s - a potion of brilliance
 t - 2 potions of resistance
 w - 5 potions of invisibility
 C - a potion of cancellation
 D - 4 potions of haste
 G - 3 potions of might {unknown}
 H - 3 potions of mutation {unknown}
 L - a potion of enlightenment {unknown}


   Skills:
 - Level 5.0 Fighting
 - Level 4.0 Short Blades
 + Level 10.3 Ranged Weapons
 + Level 14.8 Dodging
 - Level 7.2 Stealth
 - Level 2.0 Shields
 - Level 8.1 Spellcasting
 - Level 8.1 Conjurations
 - Level 8.1 Hexes
 - Level 8.1 Summonings
 - Level 8.1 Necromancy
 - Level 8.1 Translocations
 - Level 8.1 Transmutations
 - Level 8.1 Fire Magic
 - Level 8.1 Ice Magic
 - Level 8.1 Air Magic
 - Level 8.1 Earth Magic
 - Level 8.1 Poison Magic
 - Level 3.0 Invocations


You knew the following spells:

 Your Spells              Type           Power      Damage    Failure   Level
a - Freeze                Ice            100%       1d10      1%          1
b - Frozen Ramparts       Ice            72%        1d11      1%          3
c - Ozocubu's Armour      Ice            36%        N/A       1%          3
d - Summon Ice Beast      Ice/Summ       36%        N/A       3%          4
e - Sting                 Tmut/Pois      100%       1d8       1%          1
f - Scorch                Fire           72%        2d8       1%          2
g - Ensorcelled Hibernat  Hex/Ice        72%        N/A       1%          2
h - Call Canine Familiar  Summ           36%        N/A       1%          3
i - Fireball              Conj/Fire      18%        3d9       10%         5
j - Silence               Hex/Air        18%        N/A       10%         5
Your spell library was empty.

Dungeon Overview and Level Annotations

Branches:
Dungeon (10/15) Zot: 25556  Temple (1/1) D:7 Zot: 5908    Lair (3/5) D:10 Zot: 14567
    Orc (0/2) D:10         Bailey (visited)
  Swamp: Lair:2-3    Shoals: Lair:2-3     Snake: Lair:2-3    Spider: Lair:2-3

Altars:
Ashenzari
Cheibriados
Dithmenos
Elyvilon
Fedhas
Gozag
Hepliaklqana
Makhleb
Nemelex Xobeh
Okawaru
Qazlal
Ru
Trog
Uskayaw
Wu Jian
Xom
Yredelemnul
Zin
The Shining One

Shops:
D:1 !   D:2 ?   D:3 [   D:8 *

Annotations:
D:4 1 runed translucent door, dolemite99's ghost, amateur GnSh
D:6 2 transporters, Menkaure


Innate Abilities, Weirdness & Mutations

You are immune to sickness and miasma.
You are immune to poison.
Your flesh is very heat resistant. (rF++)
You are vulnerable to cold. (rC-)
You float through the air rather than walking.
You learn spells naturally, not from books.
Your magical power is your life essence.
You have superior vitality. (+4 MHP)


Message History

The arrow freezes the polar bear.
The polar bear is heavily wounded.
The black mamba bites you!
You shoot an arrow. The arrow hits the polar bear!
The arrow freezes the polar bear.
The polar bear is severely wounded.
A nearby fungus withers and dies.
The polar bear bites you!
The polar bear misses you. x2; The black mamba completely misses you.
You shoot an arrow. The arrow hits the polar bear!
The arrow freezes the polar bear.
The polar bear is almost dead.
The black mamba bites you!
The polar bear goes berserk!
The black mamba misses you.
Casting: Fireball (dangerous; 10% risk of failure)
Confirm with . or Enter, or press ? or * to list all spells.
Casting: Frozen Ramparts (safe; 1% risk of failure)
Press: ? - help, Dir - look around, f - activate The walls around you are covered in ice.
The polar bear resists.
The wall freezes the polar bear.
The polar bear completely misses you. The polar bear misses you.
The polar bear barely misses you. The black mamba misses you.
The wall freezes the polar bear but does no damage.
The polar bear misses you. The polar bear completely misses you.
The polar bear claws you but does no damage.
The black mamba bites you!
Unknown command.
Your frozen ramparts will break if you move.
Continue? [Y]es or [N]o only, please.
Your frozen ramparts will break if you move.
Continue? [Y]es or [N]o only, please.
Your frozen ramparts will break if you move.
Continue?
Okay, then.
You shoot an arrow. The arrow hits the polar bear.
The polar bear is almost dead.
The black mamba closely misses you.
The polar bear resists.
The wall freezes the polar bear.
The polar bear bites you!!
* * * LOW HITPOINT WARNING * * *
The polar bear completely misses you. x2; The wall freezes the cane toad.
The cane toad seems to slow down.
The cane toad stings you!!
You die...

#..#.##........# #...
#P...###...P..## #.#.#
##.#..#..##...## #.....
#........##...~# #.....
#....#..#~#~~.P~ # ....#
##.....<~~~~~~~~ ...#...
##...#.~~≈~≈≈≈~~
^.....h##...#~~~≈#####~~
#P....F@....#.~≈## ##≈
......S.......~~# #≈
^...............+ #~
#....#...(...#~~# #≈
##..###.#.....~≈# #≈ #..
##.#...#~~≈# #≈~ #.
###....~~~ ≈~~ . .....~
.


You could see a polar bear (berserk), a black mamba and a cane toad (slow).

Vanquished Creatures
  An orc warlord (Bailey)
  Harold (Lair:2)
  A hydra (Lair:2)
  A two-headed ogre (D:10)
  A boulder beetle (Lair:2)
  Pikel (D:7)
  An ugly thing (D:8)
  A manticore (Lair:2)
  2 elephants (Lair:2)
  2 black mambas (Lair:2)
  3 cane toads
  2 gargoyles
  8 komodo dragons
  3 rime drakes (Lair:2)
  A polar bear (Lair:2)
  A queen bee (Lair:2)
  3 hornets
  A slime creature (D:8)
  3 wyverns
  21 yaks
  6 basilisks
  2 steam dragons
  An acid dragon (D:8)
  7 water moccasins
  4 ice beasts
  4 black bears
  9 orc warriors
  An ogre (D:5)
  13 wolves
  5 centaurs
  A lemure (D:7)
  Blork the orc (D:4)
  5 kobold brigands
  9 bullfrogs
  2 gnoll sergeants
  A scorpion (D:10)
  28 killer bees
  An electric eel (Lair:3)
  6 howler monkeys
  4 jellies
  5 gnoll boudas
  7 orc priests
  2 hounds
  2 sleepcaps
  2 iguanas (D:5)
  17 orc wizards
  2 hell rats (Lair:2)
  7 adders
  26 gnolls
  2 river rats (Lair:2)
  2 shadow imps
  A white imp (D:7)
  3 worms
  2 dart slugs
  40 orcs
  2 bats
  6 endoplasms
  3 giant cockroaches
  15 goblins
  6 hobgoblins
  4 jackals
  32 kobolds
  A quokka (D:4)
  6 ball pythons
  4 frilled lizards
  6 rats
373 creatures vanquished.

Notes
Turn   | Place    | Note
-------+----------+-------------------------------------------
     0 | D:1      | holysushi the Djinni Ice Elementalist began the quest for
                  | the Orb.
     0 | D:1      | holysushi set off with the following spells memorised:
                  | Freeze, Frozen Ramparts, Ozocubu's Armour, Summon Ice
                  | Beast.
     0 | D:1      | Reached XP level 1. HP: 15/15 MP: 0/0
    66 | D:1      | Found Icoroheq's Distillery.
   231 | D:1      | Reached XP level 2. HP: 12/21 MP: 0/0
   817 | D:2      | Found a faded altar of an unknown god.
   918 | D:2      | Reached XP level 3. HP: 15/25 MP: 0/0
   918 | D:2      | Learned a level 1 spell: Sting
   992 | D:2      | Prayed at the altar of an unknown god.
   992 | D:2      | Became a worshipper of Warmaster Okawaru
   992 | D:2      | Reached * piety under Okawaru
  1135 | D:2      | Reached skill level 3 in Dodging
  1372 | D:2      | Reached skill level 1 in Fighting
  1372 | D:2      | Reached XP level 4. HP: 29/32 MP: 0/0
  1560 | D:2      | Found Wulycude's Magic Scroll Shoppe.
  1563 | D:2      | Bought a scroll of identify for 24 gold pieces
  1983 | D:3      | Found Jurek's Armour Shop.
  2130 | D:3      | Reached skill level 4 in Dodging
  2130 | D:3      | Reached XP level 5. HP: 24/37 MP: 0/0
  2130 | D:3      | Learned a level 2 spell: Scorch
  2653 | D:4      | Found a runed translucent door.
  2659 | D:4      | Noticed a bullfrog
  2659 | D:4      | Noticed dolemite99's ghost (amateur GnSh)
  2691 | D:4      | Reached XP level 6. HP: 39/43 MP: 0/0
  2899 | D:4      | Noticed Blork the orc
  2954 | D:4      | Reached ** piety under Okawaru
  2955 | D:4      | Reached skill level 5 in Dodging
  2963 | D:4      | HP: 3/64 [Blork the orc/+0 hand axe (5)]
  2972 | D:4      | Killed Blork the orc
  2973 | D:4      | HP: 4/96 [orc/bolt (8)]
  3012 | D:5      | Entered Level 5 of the Dungeon
  3323 | D:4      | Noticed a black bear
  3333 | D:4      | Reached XP level 7. HP: 47/49 MP: 0/0
  3333 | D:4      | Learned a level 2 spell: Ensorcelled Hibernation
  3340 | D:4      | Reached skill level 5 in Spellcasting
  3340 | D:4      | Reached skill level 5 in Conjurations
  3340 | D:4      | Reached skill level 5 in Hexes
  3340 | D:4      | Reached skill level 5 in Summonings
  3340 | D:4      | Reached skill level 5 in Necromancy
  3340 | D:4      | Reached skill level 5 in Translocations
  3340 | D:4      | Reached skill level 5 in Transmutations
  3340 | D:4      | Reached skill level 5 in Fire Magic
  3340 | D:4      | Reached skill level 5 in Ice Magic
  3340 | D:4      | Reached skill level 5 in Air Magic
  3340 | D:4      | Reached skill level 5 in Earth Magic
  3340 | D:4      | Reached skill level 5 in Poison Magic
  3876 | D:5      | Found a burning altar of Makhleb.
  4045 | D:5      | Reached skill level 1 in Short Blades
  4306 | D:5      | Noticed a water moccasin
  4314 | D:5      | Killed a water moccasin
  4314 | D:5      | Reached *** piety under Okawaru
  4315 | D:5      | Reached XP level 8. HP: 45/54 MP: 0/0
  4674 | D:5      | Found a sparkling altar of Nemelex Xobeh.
  5995 | D:6      | Found a basalt altar of Yredelemnul.
  5995 | D:6      | Noticed a vampire
  5995 | D:6      | Noticed Menkaure
  6044 | D:6      | Found a transporter.
  6054 | D:6      | Noticed a vampire
  6055 | D:6      | Found a transporter.
  6375 | D:7      | Reached XP level 9. HP: 54/58 MP: 0/0
  6375 | D:7      | Learned a level 3 spell: Call Canine Familiar
  6399 | D:7      | Reached **** piety under Okawaru
  6626 | D:7      | Found an opulent altar of Gozag.
  6649 | D:7      | Found an iron altar of Okawaru.
  6656 | D:7      | Noticed a hornet
  6995 | D:7      | Killed a hornet
  7199 | D:7      | Reached skill level 6 in Dodging
  7508 | D:7      | Found a staircase to the Ecumenical Temple.
  7828 | D:7      | Noticed Pikel
  7846 | D:7      | Killed Pikel
  7846 | D:7      | Reached ***** piety under Okawaru
  7847 | D:7      | Reached skill level 8 in Dodging
  7853 | Temple   | Entered the Ecumenical Temple
  8209 | D:8      | Found Foru's General Store.
  8213 | D:8      | Bought a +0 helmet for 58 gold pieces
  8213 | D:8      | Bought a potion of cancellation for 104 gold pieces
  8264 | D:8      | Reached XP level 10. HP: 57/64 MP: 0/0
  8303 | D:8      | Reached skill level 1 in Shields
  8551 | D:8      | Reached skill level 9 in Dodging
  8775 | D:8      | Reached skill level 5 in Stealth
  8790 | D:8      | Reached skill level 10 in Dodging
  9059 | D:8      | Noticed a cyan ugly thing
  9528 | D:8      | Reached skill level 11 in Dodging
 10503 | D:8      | Killed a cyan ugly thing
 10504 | D:8      | Reached skill level 1 in Invocations
 10675 | D:9      | Identified a scroll of acquirement
 10677 | D:9      | Acquired the +3 pair of gauntlets of War {Slay+5}
 10677 | D:9      | Found the +3 pair of gauntlets of War {Slay+5}
 10693 | D:9      | Noticed a gargoyle
 11049 | D:9      | Reached XP level 11. HP: 67/68 MP: 0/0
 11049 | D:9      | Learned a level 5 spell: Fireball
 11057 | D:9      | Received a gift from Okawaru
 11102 | D:9      | Found a flagged portal.
 11117 | Bailey   | Entered a bailey
 11188 | Bailey   | Noticed an orc warlord
 11361 | Bailey   | Found a runed translucent gate.
 11361 | Bailey   | Found a runed translucent gate.
 11457 | Bailey   | Found a runed translucent gate.
 11527 | Bailey   | Acquired 634 gold pieces
 11618 | Bailey   | Killed an orc warlord
 11681 | Bailey   | Reached XP level 12. HP: 74/74 MP: 0/0
 11732 | D:9      | Reached skill level 12 in Dodging
 12057 | D:9      | Found a blossoming altar of Fedhas.
 12417 | D:10     | Entered Level 10 of the Dungeon
 12441 | D:9      | Found a blossoming altar of Fedhas.
 12871 | D:10     | Noticed a two-headed ogre
 12884 | D:10     | Killed a two-headed ogre
 13209 | D:10     | Found a staircase to the Orcish Mines.
 13613 | D:10     | Identified the +0 helmet of Death's Door {rElec Stlth+}
 13752 | D:10     | Found a staircase to the Lair.
 13854 | Lair:1   | Entered Level 1 of the Lair of Beasts
 14477 | Lair:1   | Reached ****** piety under Okawaru
 14478 | Lair:1   | Reached skill level 13 in Dodging
 14639 | Lair:1   | Reached XP level 13. HP: 83/83 MP: 0/0
 14639 | Lair:1   | Learned a level 5 spell: Silence
 14802 | Lair:1   | Identified the +3 ring mail of Ziroewn {Str+5 Int+3}
                  | (Okawaru gifted it to you on level 1 of the Lair of Beasts)
 14802 | Lair:1   | Received a gift from Okawaru
 15188 | Lair:2   | Acquired 796 gold pieces
 15647 | Lair:2   | Reached skill level 5 in Fighting
 16106 | Lair:2   | Reached skill level 14 in Dodging
 16387 | Lair:2   | Noticed Harold
 16400 | Lair:2   | Noticed a seven-headed hydra
 16404 | Lair:2   | Killed Harold
 16436 | Lair:2   | Killed a seven-headed hydra
 16437 | Lair:2   | Reached skill level 10 in Ranged Weapons
 16678 | Lair:2   | Identified the scarf of the Four Friends {repulsion,
                  | Rampage rC+ rN+++ Slay-4} (Okawaru gifted it to you on
                  | level 2 of the Lair of Beasts)
 16678 | Lair:2   | Received a gift from Okawaru
 17279 | Lair:3   | Slain by a cane toad

Illustrated notes

Levels and vault maps discovered:
D:1:      dpeg_arrival_castle, layout_loops_ring, serial_shops, shop,
          grunt_decor_arrowhead, st_stairs_7
D:2:      layout_loops_ring, chequers_ecumenical_altar_simple, serial_glass,
          glass_columns_a, glass_columns_a, serial_shops,
          nicolae_shop_rolled_up, kennysheep_cluttered_room
D:3:      layout_loops_ring, serial_shops, shop, lexackson_kobold_supper
D:4:      layout_loops_cross, ebering_ghost_inner_flame, uniq_blork_the_orc
D:5:      layout_basic, nicolae_overflow_hidden_temple,
          mainiacjoe_overflow_catwalk
D:6:      layout_loops_corners, mainiacjoe_overflow_brackets,
          gammafunk_temple_of_torment
D:7:      layout_rooms, mainiacjoe_overflow_paths,
          mainiacjoe_overflow_catch_the_wave, minmay_temple_entry_antechambers,
          uniq_pikel
D:8:      cheibrodos_ideogram_h, layout_basic, serial_shops,
          nicolae_shop_back_alley_shop, minmay_misc_feat_rugged,
          serial_park_tiny_1
D:9:      layout_basic, fedhas_altar_2, enter_bailey_3
D:10:     layout_gridville, grunt_lair_entry_orc_guard_hut, david_orc_2,
          minmay_misc_feat_diagonals
Temple:   nicolae_temple_god_jail
Lair:1:   layout_cave_pods
Lair:2:   regret_index_wax_grids, layout_loops_ring, grunt_megastairs_2,
          uniq_harold
Lair:3:   layout_misc_corridors, minmay_shoals_entry_hut,
          spider_nest_entry_funnel_web, minmay_shattered_shrine

Skill      XL: |  1  2  3  4  5  6  7  8  9 10 11 12 13 |
---------------+----------------------------------------+-----
Dodging        | 3 4 5 8 11 13 14 | 14.8
Fighting       | 1 2 3 5 |  5.0
Spellcasting   | 4 5 7 8 |  8.1
Conjurations   | 4 5 7 8 |  8.1
Hexes          | 4 5 7 8 |  8.1
Summonings     | 4 5 7 8 |  8.1
Necromancy     | 4 5 7 8 |  8.1
Translocations | 4 5 7 8 |  8.1
Transmutations | 4 5 7 8 |  8.1
Fire Magic     | 4 5 7 8 |  8.1
Ice Magic      | 4 5 7 8 |  8.1
Air Magic      | 4 5 7 8 |  8.1
Earth Magic    | 4 5 7 8 |  8.1
Poison Magic   | 4 5 7 8 |  8.1
Stealth        | 3 5 7 |  7.2
Short Blades   | 2 4 |  4.0
Shields        | 2 |  2.0
Invocations    | 1 3 |  3.0
Ranged Weapons | 7 8 10 | 10.3

Action                     |  1- 3 |  4- 6 |  7- 9 | 10-12 | 13-15 || total
---------------------------+-------+-------+-------+-------+-------++-------
  Melee: Unarmed           |     6 |     9 |       |       |       ||    15
         Dagger            |       |    77 |    37 |    44 |     2 ||   160
         Punch             |       |     3 |       |       |       ||     3
         Orcbow            |       |       |       |     1 |       ||     1
   Fire: Orcbow            |       |       |       |   318 |   296 ||   614
   Cast: Freeze            |    53 |    51 |     7 |       |       ||   111
         Frozen Ramparts   |       |     6 |    14 |    23 |    10 ||    53
         Ozocubu's Armour  |       |     1 |       |     1 |     1 ||     3
         Scorch            |       |     1 |   102 |    90 |       ||   193
         Ensorcelled Hiber |       |       |    11 |    10 |     4 ||    25
         Sting             |       |       |     1 |       |       ||     1
         Fireball          |       |       |       |     3 |       ||     3
 Invoke: Heroism           |       |       |       |     2 |     1 ||     3
  Evoke: Wand              |       |       |       |     1 |     3 ||     4
    Use: Scroll            |       |     4 |     5 |    17 |     5 ||    31
         Potion            |       |     4 |     1 |     2 |       ||     7
   Stab: Sleeping          |     1 |     1 |     6 |     4 |     2 ||    14
         Distracted        |       |     1 |       |       |       ||     1
 Armour: Robe              |     5 |    15 |     5 |    20 |    27 ||    72
         Skin              |       |    19 |       |       |       ||    19
         Steam dragon scal |       |       |       |       |     9 ||     9
  Dodge: Dodged            |    19 |    69 |    79 |   149 |   205 ||   521
         Repelled          |       |       |       |     3 |     2 ||     5
  Block: Buckler           |       |       |       |    30 |       ||    30

Table legend: (Time is in decaauts)
 A = Elapsed time spent in this place.
 B = Non-inter-level travel time spent in this place.
 C = Inter-level travel time spent in this place.
 D = Time resting spent in this place.
 E = Time spent auto-exploring this place.
 F = Levels seen in this place.
 G = Mean time per level.
                   A        B        C        D        E       F      G
               +--------+--------+--------+--------+--------+-----+--------+
         Total |  17377 |  16760 |    617 |   4596 |   8637 |  15 | 1158.5 |
       Dungeon |  13201 |  12658 |    543 |   3730 |   6558 |  10 | 1320.1 |
        Temple |     91 |     78 |     13 |      0 |     68 |   1 |   91.0 |
          Lair |   3431 |   3370 |     61 |    866 |   1855 |   3 | 1143.7 |
        Bailey |    652 |    652 |      0 |      0 |    156 |   1 |  652.0 |
               +--------+--------+--------+--------+--------+-----+--------+

Top non-repeatable levels by time:
     D:8: 2314 daAuts
  Lair:2: 2021 daAuts
     D:6: 1884 daAuts
     D:7: 1607 daAuts
     D:9: 1560 daAuts
     D:5: 1383 daAuts
  Lair:1: 1332 daAuts
     D:4: 936 daAuts
     D:2: 926 daAuts
     D:3: 914 daAuts
    D:10: 869 daAuts
     D:1: 803 daAuts
  Bailey: 652 daAuts
  Temple: 91 daAuts
  Lair:3: 77 daAuts
